SA
DELAWARE 1787 BC @ WASHINGTON GENERALS
08/25/2029
 
TOP OF THE 1ST
Delaware 1787 BC batting - Pitching for Washington Generals : RHP Phillip Donoghue
Pitching: RHP Phillip Donoghue
Batting: LHB Xuan-ling Liao 0-0: Called Strike
0-1: Ball
1-1: Ball
2-1: Fly out, F7 (Line Drive, 7)
Batting: RHB Mike Pate 0-0: Called Strike
0-1: Ball
1-1: Swinging Strike
1-2: Strikes out looking
Batting: RHB Jeff Quesenberry 0-0: Called Strike
0-1: Ball
1-1: Called Strike
1-2: Foul Ball, location: 2F
1-2: Foul Ball, location: 2F
1-2: Ball
2-2: Strikes out swinging
Top of the 1st over - 0 runs, 0 hits, 0 errors, 0 left on base; Delaware 0 - Washington 0
BOTTOM OF THE 1ST
Washington Generals batting - Pitching for Delaware 1787 BC : RHP Juan Ramírez
Pitching: RHP Juan Ramírez
Batting: RHB Júlio Rodríguez 0-0: Called Strike
0-1: Foul Ball, location: 2F
0-2: Ball
1-2: Strikes out looking
Batting: RHB Jeremy Geertsen 0-0: Ball
1-0: Foul Ball, location: 2F
1-1: Ball
2-1: Foul Ball, location: 2F
2-2: Strikes out looking
Batting: RHB Bill Perkins 0-0: Called Strike
0-1: Ball
1-1: DOUBLE (Flyball, 8LXD)
Batting: RHB Daryl Yandell 0-0: Called Strike
0-1: Ball
1-1: Ground out U3 (Groundball, 34)
Bottom of the 1st over - 0 runs, 1 hit, 0 errors, 1 left on base; Delaware 0 - Washington 0
TOP OF THE 2ND
Delaware 1787 BC batting - Pitching for Washington Generals : RHP Phillip Donoghue
Batting: LHB Bryce Abood 0-0: Called Strike
0-1: Called Strike
0-2: Ball
1-2: Foul Ball, location: 2F
1-2: Ball
2-2: Foul Ball, location: 2F
2-2: Foul Ball, location: 2F
2-2: Strikes out swinging
Batting: SHB Curt Pack 0-0: Ball
1-0: Called Strike
1-1: Called Strike
1-2: Strikes out swinging
Batting: RHB Toyozo Yamasaki 0-0: Called Strike
0-1: Ball
1-1: Ball
2-1: DOUBLE (Flyball, 9LD)
Batting: LHB Hai-feng Tang 0-0: Called Strike
0-1: Foul Ball, location: 2F
0-2: Ball
1-2: SINGLE (Line Drive, 78S)
Toyozo Yamasaki to third
Batting: RHB Elwiin Hund 0-0: Ball
1-0: Fielders Choice at 2nd, U6 (Groundball, 6M)
Top of the 2nd over - 0 runs, 2 hits, 0 errors, 2 left on base; Delaware 0 - Washington 0
BOTTOM OF THE 2ND
Washington Generals batting - Pitching for Delaware 1787 BC : RHP Juan Ramírez
Batting: RHB Alonso Vielma 0-0: Swinging Strike
0-1: Swinging Strike
0-2: Ball
1-2: Ground out 5-3 (Groundball, 56S)
Batting: RHB Stan Wheeler 0-0: Fly out, F3 (Line Drive, 34)
Batting: RHB Mike Lipide 0-0: Ball
1-0: Ball
2-0: Ball
3-0: Called Strike
3-1: Swinging Strike
3-2: Ground out 6-3 (Groundball, 6M)
Bottom of the 2nd over - 0 runs, 0 hits, 0 errors, 0 left on base; Delaware 0 - Washington 0
TOP OF THE 3RD
Delaware 1787 BC batting - Pitching for Washington Generals : RHP Phillip Donoghue
Batting: RHB Félix Ellard 0-0: Ball
1-0: Ball
2-0: Called Strike
2-1: Foul Ball, location: 2F
2-2: Ball
3-2: Foul Ball, location: 2F
3-2: Strikes out swinging
Batting: LHB Xuan-ling Liao 0-0: Fly out, F7 (Flyball, 78M)
Batting: RHB Mike Pate 0-0: Ball
1-0: Foul Ball, location: 2F
1-1: Called Strike
1-2: Foul Ball, location: 2F
1-2: Strikes out swinging
Top of the 3rd over - 0 runs, 0 hits, 0 errors, 0 left on base; Delaware 0 - Washington 0
BOTTOM OF THE 3RD
Washington Generals batting - Pitching for Delaware 1787 BC : RHP Juan Ramírez
Batting: RHB Ricardo Sandoval 0-0: Called Strike
0-1: Fly out, F6 (Line Drive, 6)
Batting: RHB Dan Vanblarcom 0-0: Called Strike
0-1: Foul Ball, location: 2F
0-2: SINGLE (Flyball, 9LS)
Batting: RHB Júlio Rodríguez 0-0: Foul Ball, location: 2F
0-1: Ball
1-1: Swinging Strike
1-2: Ball
2-2: Ball
3-2: SINGLE (Groundball, 6MD)
Dan Vanblarcom to second
Batting: RHB Jeremy Geertsen 0-0: Foul Ball, location: 2F
0-1: Called Strike
0-2: DOUBLE (Flyball, 8LD)
Dan Vanblarcom scores
Júlio Rodríguez to third
Batting: RHB Bill Perkins 0-0: Fly out, F3 (Popup, 3SF)
Batting: RHB Daryl Yandell 0-0: Ball
1-0: Ball
2-0: Foul Ball, location: 2F
2-1: Ball
3-1: DOUBLE (Line Drive, 7LD)
Júlio Rodríguez scores
Jeremy Geertsen scores
Batting: RHB Alonso Vielma 0-0: Called Strike
0-1: Ball
1-1: Swinging Strike
1-2: Strikes out swinging
Bottom of the 3rd over - 3 runs, 4 hits, 0 errors, 1 left on base; Delaware 0 - Washington 3
TOP OF THE 4TH
Delaware 1787 BC batting - Pitching for Washington Generals : RHP Phillip Donoghue
Batting: RHB Jeff Quesenberry 0-0: Called Strike
0-1: Called Strike
0-2: Fly out, F7 (Flyball, 7LS)
Batting: LHB Bryce Abood 0-0: Called Strike
0-1: Called Strike
0-2: Ball
1-2: Foul Ball, location: 2F
1-2: Fly out, F9 (Flyball, 89M)
Batting: SHB Curt Pack 0-0: Ball
1-0: Called Strike
1-1: Ball
2-1: Foul Ball, location: 2F
2-2: Foul Ball, location: 2F
2-2: Strikes out looking
Top of the 4th over - 0 runs, 0 hits, 0 errors, 0 left on base; Delaware 0 - Washington 3
BOTTOM OF THE 4TH
Washington Generals batting - Pitching for Delaware 1787 BC : RHP Juan Ramírez
Batting: RHB Stan Wheeler 0-0: Ball
1-0: Ball
2-0: Ball
3-0: Base on Balls
Batting: RHB Mike Lipide 0-0: Called Strike
0-1: Ball
1-1: Foul Ball, location: 2F
1-2: Foul Ball, location: 2F
1-2: Strikes out looking
Batting: RHB Ricardo Sandoval 0-0: Called Strike
0-1: Ball
1-1: Foul Ball, location: 2F
1-2: Foul Ball, location: 2F
1-2: Strikes out looking
Batting: RHB Dan Vanblarcom 0-0: DOUBLE (Line Drive, 89D)
Stan Wheeler to third
Runner from 3rd tries for Home, SAFE, no throw
Batting: RHB Júlio Rodríguez 0-0: Foul Ball, location: 2F
0-1: Ball
1-1: Called Strike
1-2: Foul Ball, location: 2F
1-2: Ball
2-2: Foul Ball, location: 2F
2-2: DOUBLE (Flyball, 78D)
Dan Vanblarcom scores
Batting: RHB Jeremy Geertsen 0-0: Ball
1-0: Ball
2-0: Fly out, F9 (Flyball, 89D)
Bottom of the 4th over - 2 runs, 2 hits, 0 errors, 1 left on base; Delaware 0 - Washington 5
TOP OF THE 5TH
Delaware 1787 BC batting - Pitching for Washington Generals : RHP Phillip Donoghue
Batting: RHB Toyozo Yamasaki 0-0: Called Strike
0-1: Swinging Strike
0-2: Strikes out swinging
Batting: LHB Hai-feng Tang 0-0: Ball
1-0: Ball
2-0: Foul Ball, location: 2F
2-1: Called Strike
2-2: Strikes out looking
Batting: RHB Elwiin Hund 0-0: Foul Ball, location: 2F
0-1: Swinging Strike
0-2: Foul Ball, location: 2F
0-2: Ball
1-2: Foul Ball, location: 2F
1-2: Ground out 4-3 (Groundball, 4D)
Top of the 5th over - 0 runs, 0 hits, 0 errors, 0 left on base; Delaware 0 - Washington 5
BOTTOM OF THE 5TH
Washington Generals batting - Pitching for Delaware 1787 BC : RHP Juan Ramírez
Batting: RHB Bill Perkins 0-0: Ball
1-0: Called Strike
1-1: Foul Ball, location: 2F
1-2: Ball
2-2: Foul Ball, location: 2F
2-2: Strikes out looking
Batting: RHB Daryl Yandell 0-0: Called Strike
0-1: Ball
1-1: Called Strike
1-2: Ball
2-2: Strikes out looking
Batting: RHB Alonso Vielma 0-0: Foul Ball, location: 2F
0-1: Foul Ball, location: 2F
0-2: Ground out 3-1 (Groundball, 34S)
Bottom of the 5th over - 0 runs, 0 hits, 0 errors, 0 left on base; Delaware 0 - Washington 5
TOP OF THE 6TH
Delaware 1787 BC batting - Pitching for Washington Generals : RHP Phillip Donoghue
Batting: RHB Félix Ellard 0-0: Ball
1-0: Called Strike
1-1: Ball
2-1: Foul Ball, location: 2F
2-2: SINGLE (Flyball, 89S)
Batting: LHB Xuan-ling Liao 0-0: Grounds into double play, 4-6-3 (Groundball, 4)
Batting: RHB Mike Pate 0-0: Called Strike
0-1: Ground out 6-3 (Groundball, 6)
Top of the 6th over - 0 runs, 1 hit, 0 errors, 0 left on base; Delaware 0 - Washington 5
BOTTOM OF THE 6TH
Washington Generals batting - Pitching for Delaware 1787 BC : RHP Juan Ramírez
Batting: RHB Stan Wheeler 0-0: SINGLE (Line Drive, 56D)
Batting: RHB Mike Lipide 0-0: Foul Ball, location: 2F
0-1: Fielders Choice at 2nd, 5-4 (Groundball, 5)
Batting: RHB Ricardo Sandoval 0-0: SINGLE (Groundball, 4MD)
Mike Lipide to second
Batting: RHB Dan Vanblarcom 0-0: Ball
1-0: Ball
2-0: Foul Ball, location: 2F
2-1: Called Strike
2-2: Foul Ball, location: 2F
2-2: Strikes out swinging
Batting: RHB Júlio Rodríguez 0-0: Foul Ball, location: 2F
0-1: Ball
1-1: Called Strike
1-2: Ball
2-2: Ground out 4-3 (Groundball, 34)
Bottom of the 6th over - 0 runs, 2 hits, 0 errors, 2 left on base; Delaware 0 - Washington 5
TOP OF THE 7TH
Delaware 1787 BC batting - Pitching for Washington Generals : RHP Phillip Donoghue
Batting: RHB Jeff Quesenberry 0-0: Called Strike
0-1: Fly out, F7 (Flyball, 7S)
Batting: LHB Bryce Abood 0-0: Called Strike
0-1: Foul Ball, location: 2F
0-2: DOUBLE (Line Drive, 7LM)
Pitching: RHP Kyu-jin Yun
Batting: SHB Curt Pack 0-0: Swinging Strike
0-1: Ball
1-1: Swinging Strike
1-2: Ground out 6-3 (Groundball, 6MD)
Bryce Abood to third
Batting: RHB Toyozo Yamasaki 0-0: Called Strike
0-1: Ball
1-1: Swinging Strike
1-2: Foul Ball, location: 2F
1-2: Ground out U3 (Groundball, 3)
Top of the 7th over - 0 runs, 1 hit, 0 errors, 1 left on base; Delaware 0 - Washington 5
BOTTOM OF THE 7TH
Washington Generals batting - Pitching for Delaware 1787 BC : RHP Juan Ramírez
Batting: RHB Jeremy Geertsen 0-0: SINGLE (Line Drive, 8LS)
Batting: RHB Bill Perkins 0-0: Foul Ball, location: 2F
0-1: Swinging Strike
0-2: Fly out, F9 (Flyball, 89D)
Batting: RHB Daryl Yandell 0-0: Called Strike
Jeremy Geertsen steals 2nd base
0-1: Ball
1-1: Swinging Strike
1-2: Foul Ball, location: 2F
1-2: SINGLE (Line Drive, 56)
Jeremy Geertsen to third
Runner from 3rd tries for Home, SAFE, no throw
Pitching: RHP Juan Perea
Batting: RHB Alonso Vielma 0-0: Ball
1-0: Called Strike
1-1: Ball
2-1: Called Strike
2-2: Ball
3-2: SINGLE (Groundball, 6MD)
Daryl Yandell to second
Batting: RHB Stan Wheeler 0-0: Ball
1-0: Called Strike
1-1: Ball
2-1: Ball
3-1: Base on Balls
Daryl Yandell to third
Alonso Vielma to second
Batting: RHB Mike Lipide 0-0: Ball
1-0: Swinging Strike
1-1: Ball
2-1: Foul Ball, location: 2F
2-2: Grounds into fielders choice 1-2 (Groundball, 15S)
Alonso Vielma to third
Stan Wheeler to second
Batting: RHB Ricardo Sandoval 0-0: Foul Ball, location: 2F
0-1: Ball
1-1: Swinging Strike
1-2: Ball
2-2: Foul Ball, location: 2F
2-2: Strikes out swinging
Bottom of the 7th over - 1 run, 3 hits, 0 errors, 3 left on base; Delaware 0 - Washington 6
TOP OF THE 8TH
Delaware 1787 BC batting - Pitching for Washington Generals : RHP Kyu-jin Yun
Batting: LHB Hai-feng Tang 0-0: Called Strike
0-1: Fly out, F7 (Line Drive, 7)
Batting: RHB Elwiin Hund 0-0: Ball
1-0: Foul Ball, location: 2F
1-1: Ball
2-1: Ball
3-1: Called Strike
3-2: Strikes out looking
Batting: RHB Félix Ellard 0-0: Reached on error, E8 (Flyball, 8RM)
Batting: LHB Xuan-ling Liao 0-0: Fly out, F7 (Flyball, 7D)
Top of the 8th over - 0 runs, 0 hits, 1 error, 1 left on base; Delaware 0 - Washington 6
BOTTOM OF THE 8TH
Washington Generals batting - Pitching for Delaware 1787 BC : RHP Juan Perea
Batting: RHB Dan Vanblarcom 0-0: Ball
1-0: Called Strike
1-1: Ball
2-1: Ground out 4-3 (Groundball, 4)
Batting: RHB Júlio Rodríguez 0-0: Ball
1-0: Ball
2-0: Called Strike
2-1: Called Strike
2-2: Ball
3-2: Base on Balls
Batting: RHB Jeremy Geertsen 0-0: Foul Ball, location: 2F
0-1: Swinging Strike
0-2: Strikes out swinging
Batting: RHB Bill Perkins 0-0: Ball
1-0: Fly out, F8 (Flyball, 8RM)
Bottom of the 8th over - 0 runs, 0 hits, 0 errors, 1 left on base; Delaware 0 - Washington 6
TOP OF THE 9TH
Delaware 1787 BC batting - Pitching for Washington Generals : RHP Kyu-jin Yun
Now at 1B: Mauro Deleón
Batting: RHB Mike Pate 0-0: Ball
1-0: Foul Ball, location: 2F
1-1: Ground out 5-3 (Groundball, 56)
Batting: RHB Jeff Quesenberry 0-0: Ball
1-0: TRIPLE (Line Drive, 9LD)
Batting: LHB Bryce Abood 0-0: Ball
1-0: SINGLE (Groundball, 6MD)
Jeff Quesenberry scores
Batting: SHB Curt Pack 0-0: Foul Ball, location: 2F
0-1: Foul Ball, location: 2F
0-2: Ball
1-2: Foul Ball, location: 2F
1-2: Strikes out swinging
Batting: RHB Toyozo Yamasaki 0-0: Called Strike
0-1: Ball
1-1: Called Strike
1-2: Fly out, F8 (Flyball, 8RM)
Top of the 9th over - 1 run, 2 hits, 0 errors, 1 left on base; Delaware 1 - Washington 6
Tuesday, December 19th, 2017 - OOTP Baseball 18.8 Build 76